 Dungeon Crawl Stone Soup version 0.16-a0-3394-g83d1dde (console) character file.

95 MarvinPA the Insei (level 4, -1/30 HPs)
             Began as an Octopode Transmuter on Dec 30, 2014.
             Slain by an orc wizard
             ... wielding a +0 dagger
              (6 damage)
             ... on level 3 of the Dungeon.
             The game lasted 00:05:47 (2975 turns).

MarvinPA the Insei (Octopode Transmuter)            Turns: 2975, Time: 00:05:47

Health: -1/30      AC:  1    Str:  9    XL:     4   Next: 65%
Magic:  1/7        EV: 12    Int: 16    God:
Gold:   122        SH:  0    Dex: 12    Spells: 3 memorised, 1 level left

rFire  . . .     SeeInvis .       - Unarmed
rCold  . . .     Clarity  .     (no shield)
rNeg   . . .     SustAb   .     (helmet restricted)
rPois  .         Gourm    .     (no amulet)
rElec  .         Spirit   .     (no ring)
rCorr  .         Warding  .     (no ring)
rMut   .         Stasis   .     (no ring)
MR     .....                    (no ring)
Stlth  ++........               (no ring)
                                (no ring)
                                (no ring)
                                (no ring)

@: very slightly contaminated, invisible, not resistant to hostile enchantments,
unstealthy
A: almost no armour, amphibious, 8 rings, constrict 8, camouflage 1, gelatinous
body 1
a: no special abilities


You were on level 3 of the Dungeon.
You were not hungry.

You visited 1 branch of the dungeon, and saw 3 of its levels.

You collected 122 gold pieces.


Innate Abilities, Weirdness & Mutations

You cannot wear most types of armour.
You are amphibious.
You can wear up to eight rings at the same time.
You can use your tentacles to constrict many enemies at once.
Your skin changes colour to match your surroundings (Stealth).
Your rubbery body absorbs attacks (AC +1).


   Skills:
 + Level 2.9 Fighting
 - Level 2.0 Dodging
 + Level 4.3 Unarmed Combat
 - Level 2.0 Spellcasting
 - Level 2.0 Transmutations


You had one spell level left.
You knew the following spells:

 Your Spells              Type           Power        Failure   Level  Hunger
x - Spider Form           Trmt/Pois      #.........   38%         3    ###....
z - Beastly Appendage     Trmt           #.....       10%         1    #......
Z - Sticks to Snakes      Trmt           #.........   14%         2    ###....

Inventory:

Missiles
 b - 28 arrows
 n - 25 poisoned needles
 q - 4 tomahawks (quivered)
Scrolls
 c - 2 scrolls of recharging {unknown}
 e - 5 scrolls of teleportation {unknown}
 g - 2 scrolls of enchant armour {unknown}
 j - 2 scrolls of remove curse {unknown}
 k - 2 scrolls of fog {unknown}
 l - a scroll of amnesia {unknown}
 m - 6 scrolls of identify {unknown}
 o - a scroll of random uselessness {unknown}
 r - a scroll of enchant weapon {unknown}
 s - a scroll of noise {unknown}
Potions
 h - a potion of mutation {unknown}
 i - a potion of decay {unknown}
Books
 d - a book of Changes
Comestibles
 a - 3 bread rations
 p - 4 chunks of flesh {@w1}

Dungeon Overview and Level Annotations

Branches:
Dungeon (3/15)

Altars:
Kikubaaqudgha
Yredelemnul

#############
#...........#
#.#########.######### #.
#o..xo.......... ######.
#.####.########.
.>.>....####.#
#.......... #†)o.o.#
#.########.# #.######
#.# #...# #.
#.######.#.#
#.#########.....##....##
............###.##.#
#.### ..#########.#
#....# #....


You could see an orc wizard and an orc.


Message History

The orc wizard hits you with a dagger.
* * * LOW HITPOINT WARNING * * *
You tentacle-slap the orc wizard but do no damage.
The orc wizard is moderately wounded.
You constrict the orc wizard.
The orc wizard mumbles some strange words.
The orc wizard blinks free!
The orc closely misses you.
Unknown command.
The orc wizard hits you with a dagger.
* * * LOW HITPOINT WARNING * * *
Unknown command.
You closely miss the orc wizard.
The orc wizard is heavily wounded.
The orc wizard hits you with a dagger.
* * * LOW HITPOINT WARNING * * *
The orc closely misses you. The orc wizard barely misses you.
You barely miss the orc wizard. You grab the orc wizard.
The orc wizard is heavily wounded.
The orc wizard hits you with a dagger.
* * * LOW HITPOINT WARNING * * *
Drink which item? (? for menu, Esc to quit)
It was a potion of invisibility.
You fade into invisibility!
You constrict the orc wizard. The orc wizard closely misses you.
You catch the helpless orc wizard completely off-guard!
You tentacle-slap the orc wizard but do no damage.
The orc wizard is heavily wounded.
You constrict the orc wizard. The orc wizard closely misses you.
The orc wizard hits you with a dagger.
You die...

Action                   |  1- 3 |  4- 6 || total
-------------------------+-------+-------++-------
Melee: Unarmed           |   103 |    27 ||   130
 Cast: Beastly Appendage |    19 |     1 ||    20
       Spider Form       |     1 |     2 ||     3
       Sticks to Snakes  |       |     1 ||     1
 Abil: End Transformatio |     5 |     2 ||     7
  Use: Potion            |       |     1 ||     1
 Stab: Sleeping          |       |     2 ||     2
       Invisible         |       |     1 ||     1
  Eat: Chunk             |     4 |     2 ||     6
       Pizza             |     1 |       ||     1

Vault maps used:
D:1:      minmay_arrival_radiant_lines, minmay_misc_feat_doors
D:2:      yredelemnul_altar_generic, first_bread
D:3:      overflow_temple_1_default, uniq_crazy_yiuf_cottage, uniq_jessica

Notes
Turn   | Place    | Note
--------------------------------------------------------------
     0 | D:1      | MarvinPA, the Octopode Transmuter, began the quest for the Orb.
     0 | D:1      | Reached XP level 1. HP: 13/13 MP: 3/3
   235 | D:2      | Found a basalt altar of Yredelemnul.
   510 | D:1      | Reached XP level 2. HP: 13/18 MP: 2/4
   518 | D:2      | Learned a level 2 spell: Sticks to Snakes
   765 | D:1      | Reached skill level 2 in Fighting
  1270 | D:1      | Reached XP level 3. HP: 20/24 MP: 4/6
  1324 | D:1      | Learned a level 3 spell: Spider Form
  2291 | D:2      | Reached skill level 4 in Unarmed Combat
  2714 | D:3      | Noticed Jessica
  2723 | D:3      | Killed Jessica
  2723 | D:3      | Reached XP level 4. HP: 26/30 MP: 3/7
  2946 | D:3      | Found an ancient bone altar of Kikubaaqudgha.
  2975 | D:3      | Slain by an orc wizard

Vanquished Creatures
  Jessica (D:3)
  An adder (D:2)
  2 worms (D:3)
  4 giant geckos
  3 orcs (D:3)
  A ball python (D:2)
  2 giant cockroaches (D:1)
  7 goblins
  8 hobgoblins
  7 kobolds
  A quokka (D:2)
  5 bats
  3 giant newts
  4 rats
49 creatures vanquished.
